 Dungeon Sprint DCSS version 0.21.1-1-g345015f (webtiles) character file.

5000000 Fang the Axe Maniac (level 24, -20/249 HPs)
             Began as a Minotaur Gladiator on May 11, 2018.
             Was the Champion of Makhleb.
             Demolished by a destroyer
             ... wielding a +9 great sword of slicing
              (44 damage)
             ... in the Dungeon (Sprint VIII: "Arena of Blood").
             The game lasted 00:00:46 (50 turns).

Fang the Axe Maniac (Minotaur Gladiator)              Turns: 50, Time: 00:00:46

Health: -20/249    AC:  6    Str: 29    XL:     24   Next: 86%
Magic:  23/53      EV: 31    Int:  5    God:    Makhleb [******]
Gold:   0          SH:  0    Dex: 14    Spells: 77/77 levels left

rFire    . . .     SeeInvis .   l - +∞ Axe of Woe
rCold    . . .     Gourm    .   (shield currently unavailable)
rNeg     . . .     Faith    .   b - +0 leather armour
rPois    .         Spirit   .   c - +0 hat
rElec    .         Reflect  .   (no cloak)
rCorr    .         Harm     .   (no gloves)
MR       +....     NoTele   +   (no boots)
Stlth    +++++++++.             (no amulet)
HPRegen  0.51/turn              (no ring)
MPRegen  0.33/turn              (no ring)

@: no status effects
A: retaliatory headbutt, horns 2
a: Minor Destruction, Lesser Servant of Makhleb, Major Destruction, Greater
Servant of Makhleb, Renounce Religion


You were in the Dungeon.
You worshipped Makhleb.
Makhleb was exalted by your worship.
You were not hungry.

You visited 1 branch

Inventory:

Hand Weapons
 a - a +0 war axe
 l - the +∞ Axe of Woe (weapon)
   (You found it in the Dungeon)
Missiles
 d - 3 throwing nets (quivered)
Armour
 b - a +0 leather armour (worn)
 c - a +0 hat (worn)
Scrolls
 k - a scroll of blinking
Potions
 e - a potion of curing
 g - a potion of heal wounds
 h - a potion of haste
 i - 2 potions of magic
 j - a potion of berserk rage
Comestibles
 f - a ration


   Skills:
 O Level 27 Fighting
 O Level 27 Axes
 O Level 27 Throwing
 O Level 27 Armour
 O Level 27 Dodging
 O Level 27 Stealth
 O Level 27 Unarmed Combat
 O Level 27 Spellcasting
 O Level 27 Invocations


You had 77 spell levels left.
You didn't know any spells.

Dungeon Overview and Level Annotations

Branches:
Dungeon (1/1)

Altars:
Makhleb


Innate Abilities, Weirdness & Mutations

You reflexively headbutt those who attack you in melee.
You have a pair of horns on your head.


Message History

Unknown command.
You slash the meat berserker!
You pulverise the meat berserker into a thin bloody mist.
You kill the meat berserker!
Makhleb accepts your kill.
You hit the bag of meat.
You slaughter the bag of meat joyfully.
You kill the bag of meat!
Makhleb accepts your kill.
You slash the meat berserker!
You hew the meat berserker savagely.
You kill the meat berserker!
Makhleb accepts your kill.
You hear a shout! x7
The destroyer blinks!
You hear a shout!
A destroyer comes into view.
It is wielding a +9 great sword of slicing.
You hear a shout! x5
The destroyer hits you with a +9 great sword of slicing!!!!!
Ouch! That really hurt!
* * * LOW HITPOINT WARNING * * *
You die...

#... ..# . #...
...# .... ..###...
...###.V..
......###.........
...oO_..........
#.o...#.......
#_.<._#%......
...#..)))#%.....#
....o._))@V......
......###§§)..%...
..###...§V§§###....
. #...§.V.# ...
#.......# .
..........
...........
.....%%.....
...V......##O


You could see 4 destroyers, a meat berserker (berserk) and 3 bags of meat.

Vanquished Creatures
  4 vampire knights (D)
  10 ogres (D)
  3 two-headed ogres (D)
  23 orcs (D)
  A skeletal warrior (D)
41 creatures vanquished.

Notes
Turn   | Place    | Note
-------+----------+-------------------------------------------
     0 | D        | Found the +∞ Axe of Woe
     0 | D        | Fang the Minotaur Gladiator began the quest for the Orb.
     0 | D        | Reached XP level 1. HP: 18/18 MP: 0/0
     3 | D        | Noticed a bag of meat
     4 | D        | Became a worshipper of Makhleb the Destroyer
     8 | D        | Noticed a meat berserker
     8 | D        | Noticed a bag of meat
     8 | D        | Noticed a bag of meat
     9 | D        | Noticed a bag of meat
     9 | D        | Noticed a bag of meat
     9 | D        | Killed a meat berserker
     9 | D        | Reached XP level 2. HP: 47/47 MP: 1/1
     9 | D        | Reached XP level 3. HP: 53/53 MP: 2/2
     9 | D        | Reached XP level 4. HP: 61/61 MP: 3/3
     9 | D        | Reached XP level 5. HP: 68/68 MP: 4/4
     9 | D        | Reached XP level 6. HP: 75/75 MP: 5/5
     9 | D        | Reached XP level 7. HP: 82/82 MP: 6/6
     9 | D        | Reached XP level 8. HP: 90/90 MP: 7/7
     9 | D        | Reached XP level 9. HP: 96/96 MP: 8/8
     9 | D        | Reached XP level 10. HP: 104/104 MP: 9/9
     9 | D        | Reached XP level 11. HP: 111/111 MP: 10/10
     9 | D        | Reached XP level 12. HP: 118/118 MP: 11/11
     9 | D        | Reached XP level 13. HP: 125/125 MP: 12/12
    10 | D        | Noticed a bag of meat
    10 | D        | Noticed a bag of meat
    10 | D        | Noticed a bag of meat
    11 | D        | Noticed a meat berserker
    11 | D        | Noticed a meat berserker
    11 | D        | Killed a bag of meat
    11 | D        | Reached * piety under Makhleb
    11 | D        | Reached skill level 15 in Fighting
    12 | D        | Noticed a bag of meat
    12 | D        | Noticed a bag of meat
    13 | D        | Killed a bag of meat
    13 | D        | Reached XP level 14. HP: 138/138 MP: 13/13
    13 | D        | Killed a bag of meat
    13 | D        | Reached skill level 27 in Axes
    14 | D        | Killed a bag of meat
    14 | D        | Reached ** piety under Makhleb
    14 | D        | Reached skill level 27 in Dodging
    14 | D        | Reached XP level 15. HP: 155/155 MP: 14/14
    16 | D        | Killed a meat berserker
    16 | D        | Reached XP level 16. HP: 182/182 MP: 15/15
    16 | D        | Reached *** piety under Makhleb
    16 | D        | Reached skill level 27 in Fighting
    17 | D        | Noticed a large bag of meat
    17 | D        | Killed a meat berserker
    17 | D        | Reached skill level 27 in Throwing
    17 | D        | Reached XP level 17. HP: 191/191 MP: 16/16
    18 | D        | Reached skill level 10 in Unarmed Combat
    19 | D        | Reached **** piety under Makhleb
    19 | D        | Reached skill level 10 in Stealth
    19 | D        | Reached skill level 15 in Armour
    20 | D        | Noticed a meat berserker
    21 | D        | Reached skill level 15 in Unarmed Combat
    21 | D        | Reached skill level 10 in Spellcasting
    21 | D        | Reached XP level 18. HP: 200/200 MP: 16/31
    22 | D        | Noticed a meat berserker
    22 | D        | Noticed a meat berserker
    23 | D        | Killed a large bag of meat
    23 | D        | Reached skill level 15 in Stealth
    24 | D        | Killed a meat berserker
    25 | D        | Noticed a meat berserker
    25 | D        | Noticed a large bag of meat
    25 | D        | Reached ***** piety under Makhleb
    25 | D        | Reached XP level 19. HP: 199/207 MP: 17/36
    27 | D        | Killed a meat berserker
    27 | D        | Reached skill level 15 in Spellcasting
    28 | D        | Reached XP level 20. HP: 216/216 MP: 17/39
    29 | D        | Killed a meat berserker
    29 | D        | Reached skill level 27 in Armour
    31 | D        | Noticed a destroyer
    31 | D        | Noticed a destroyer
    32 | D        | Reached ****** piety under Makhleb
    32 | D        | Reached skill level 27 in Unarmed Combat
    32 | D        | Killed a destroyer
    32 | D        | Reached skill level 27 in Invocations
    32 | D        | Reached XP level 21. HP: 224/224 MP: 18/45
    33 | D        | Reached skill level 27 in Stealth
    34 | D        | Noticed a large bag of meat
    35 | D        | Noticed a destroyer
    37 | D        | Killed a destroyer
    37 | D        | Reached skill level 27 in Spellcasting
    37 | D        | Reached XP level 22. HP: 233/233 MP: 19/52
    38 | D        | Killed a large bag of meat
    41 | D        | Noticed a destroyer
    41 | D        | Killed a large bag of meat
    41 | D        | Reached XP level 23. HP: 240/240 MP: 20/53
    42 | D        | Noticed a destroyer
    44 | D        | Noticed a destroyer
    46 | D        | Killed a destroyer
    47 | D        | Noticed a destroyer
    48 | D        | Killed a destroyer
    48 | D        | Reached XP level 24. HP: 249/249 MP: 22/53
    50 | D        | Noticed a destroyer
    50 | D        | Demolished by a destroyer

Skill      XL: |  1  2  3  4  5  6  7  8  9 10 11 12 13 14 15 16 17 18 19 20 21 |
---------------+----------------------------------------------------------------+-----
Fighting       | 14 16 19 26 27 | 27.0
Axes           | 23 26 27 | 27.0
Throwing       | 11 13 16 22 27 | 27.0
Dodging        | 21 24 27 | 27.0
Armour         | 16 22 25 27 | 27.0
Stealth        | 13 17 21 26 27 | 27.0
Unarmed Combat | 15 20 24 27 | 27.0
Spellcasting   | 10 14 16 21 27 | 27.0
Invocations    | 14 19 22 27 | 27.0

Action                   |  1- 3 |  4- 6 |  7- 9 | 10-12 | 13-15 | 16-18 | 19-21 | 22-24 || total
-------------------------+-------+-------+-------+-------+-------+-------+-------+-------++-------
Melee: Executioner's axe |     1 |       |       |       |     5 |     7 |     8 |    10 ||    31
Dodge: Dodged            |       |       |       |       |       |     1 |     1 |     1 ||     3
